 Dungeon Crawl Stone Soup version 0.18.1-51-gd549091e01 (webtiles) character file.

2922 Ge0ff the Slicer (level 9, -1/63 HPs)
             Began as a High Elf Abyssal Knight on May 23, 2022.
             Was an Elder of Lugonu.
             Slain by a killer bee (4 damage)
             ... on level 6 of the Dungeon.
             The game lasted 00:21:29 (10655 turns).

Ge0ff the Slicer (High Elf Abyssal Knight)         Turns: 10655, Time: 00:21:29

Health: -1/63      AC:  9    Str: 14    XL:     9   Next: 50%
Magic:  13/13      EV: 21    Int: 17    God:    Lugonu [****..]
Gold:   357        SH:  0    Dex: 20    Spells: 0 memorised, 8 levels left

rFire  + + .     SeeInvis .     a - +1 dagger (venom)
rCold  + . .     Gourm    .     M - +1 scale mail
rNeg   . . .     Faith    .     (no shield)
rPois  +         Spirit   .     (no helmet)
rElec  +         Dismiss  .     (no cloak)
rCorr  +         Reflect  .     P - +0 pair of gloves
SustAt .         Harm     .     (no boots)
MR     .....                    (no amulet)
Stlth  +++.......               L - ring of protection from fire
                                U - +5 ring of evasion {=R}

@: agile, lethally poisoned (-1 -> -2), resistant, not resistant to hostile
enchantments, fairly stealthy
A: no striking features
a: Depart the Abyss, Bend Space, Banish, Corrupt, Renounce Religion


You were on level 6 of the Dungeon.
You worshipped Lugonu.
Lugonu was greatly pleased with you.
You were hungry.

You visited 1 branch of the dungeon, and saw 7 of its levels.
You visited the Abyss 1 time.
You also visited: Sewer.

You collected 357 gold pieces.

Inventory:

Hand Weapons
 a - a +1 dagger of venom (weapon)
 b - a +0 rapier
 D - a +1 short sword
Missiles
 H - a tomahawk (quivered)
 J - 44 poisoned needles
 Q - 59 arrows
 V - 175 stones
Armour
 M - a +1 scale mail (worn)
 P - a +0 pair of gloves (worn)
Jewellery
 L - a ring of protection from fire (right hand)
 U - a +5 ring of evasion (left hand) {=R}
Wands
 d - a wand of digging (9/24)
 k - a wand of iceblast (3/15)
 F - a wand of slowing (27/48)
Scrolls
 B - a scroll of blinking {unknown}
 C - 5 scrolls of remove curse
 E - a scroll of fear
 G - a scroll of enchant armour
 T - 7 scrolls of teleportation
Potions
 K - 2 potions of magic {!q}
 N - 2 potions of mutation {unknown}
 O - 2 potions of might {unknown}
 R - a potion of resistance
 X - 3 potions of flight
Comestibles
 r - 3 bread rations
 A - 6 chunks of flesh
 S - 2 slices of pizza
 W - a meat ration
 Y - 4 beef jerkies
 Z - 7 fruits


   Skills:
 + Level 6.7 Fighting
 + Level 10.3 Short Blades
 - Level 5.0 Armour
 + Level 3.2 Dodging
 - Level 5.0 Stealth
 + Level 4.2 Invocations


You had 8 spell levels left.
You didn't know any spells.

Dungeon Overview and Level Annotations

Branches:
Dungeon (7/15)
 Temple: D:4-7

Altars:
Dithmenos
Gozag
Okawaru
Yredelemnul
Zin
The Shining One

Shops:
D:6 %

Annotations:
D:7 Joseph


Message History

The mass of ice explodes!
The iceblast engulfs the killer bee.
The killer bee is lightly wounded.
Your attack snaps the killer bee out of its fear.
Evoking this partially-identified wand wasted a few charges.
You feel sick.
Evoke which item? (* to show all) (? for menu, Esc to quit)
Zapping:
k - a wand of iceblast {zapped: 3} (will waste charges)
Press: ? - help, Shift-Dir - straight line, f/p - killer bee
Aim: a killer bee (lightly wounded)
The mass of ice explodes!
The iceblast engulfs the killer bee.
You kill the killer bee!
Lugonu accepts your kill.
Evoking this partially-identified wand wasted a few charges.
You feel sick.
You hear a shout!
You feel sick.
You feel sick.
You feel sick.
There is an open door here.
You feel sick.
You feel sick.
You open the door.
You feel sick.
There is an open door here.
You feel sick. The killer bee misses you.
The killer bee stings you but does no damage.
You closely miss the killer bee. The killer bee completely misses you.
Drink which item? (? for menu, Esc to quit)
You feel protected.
You feel sick. The killer bee completely misses you.
The killer bee closely misses you.
You miss the killer bee. The killer bee misses you.
You hit the killer bee.
The killer bee is poisoned.
The killer bee is lightly wounded.
The killer bee completely misses you.
You barely miss the killer bee.
The killer bee is lightly wounded.
The killer bee misses you.
You closely miss the killer bee.
The killer bee is moderately wounded.
The killer bee completely misses you.
You hit the killer bee but do no damage.
The killer bee looks even sicker.
The killer bee is moderately wounded.
The killer bee misses you.
You hit the killer bee.
The killer bee is almost dead.
The killer bee stings you.
You die...

...###.## #.# #.###.##.# #### #.#
#.## #.....>..# ...# #.# #..#
#####.#### ##.###+## ##<#
#......... ##.##...## #.#
#.##.)##.# ##.#.....## ### #.#
#.##..##.# ##........## ##.###.#
#.##..#..#
##.........####...##.###.##.....#
...........'....@y.........[.....
...........####...##.###.####...#
###.......## ##.###.# #........#
##.....## #####.# #####...##
##...## #...# #...#.# ######'##
#.### ##...## .......# #.# ##.##
.......# ##### #.# #.# ######.##
#...###.# #.#


You could see a killer bee.

Vanquished Creatures
  Grinder (D:3)
  Sigmund (D:2)
  A hungry ghost (D:6)
  Edmund (D:6)
  A water moccasin (D:5)
  Duvessa (D:6)
  An orc warrior (D:6)
  Purgy (Sewer)
  A sky beast (D:7)
  2 ogres
  A necrophage (D:6)
  5 giant frogs (D:6)
  Dowan (D:6)
  3 scorpions (D:5)
  4 killer bees
  A howler monkey (D:4)
  4 hounds
  An orc priest (D:4)
  A gnoll shaman (D:6)
  An orc wizard (D:4)
  A giant frog skeleton (D:6)
  Jessica (D:3)
  Natasha (thrice) (D:2 D:4)
  An iguana (D:4)
  8 worker ants
  7 gnolls
  A howler monkey skeleton (D:4)
  7 adders
  A shadow imp (D:6)
  4 adder skeletons
  A worm (D:3)
  3 dart slugs
  8 giant geckos
  11 orcs
  12 giant cockroaches
  8 goblins
  17 hobgoblins
  3 quokkas
  2 ball pythons (Sewer)
  A ball python skeleton (D:6)
  10 bats
  A giant gecko skeleton (D:6)
  13 giant newts
  A jackal skeleton (D:4)
  8 kobolds
  A quokka zombie (D:7)
  6 rats
173 creatures vanquished.

Notes
Turn   | Place    | Note
--------------------------------------------------------------
     0 | Abyss:1  | Ge0ff the High Elf Abyssal Knight began the quest for the Orb.
     0 | Abyss:1  | Reached XP level 1. HP: 16/16 MP: 3/3
    21 | Abyss:1  | Noticed a ynoxinul
    28 | D:1      | Escaped the Abyss
    74 | D:1      | Reached skill level 3 in Short Blades
   455 | D:1      | Reached skill level 1 in Armour
   455 | D:1      | Reached XP level 2. HP: 21/21 MP: 4/4
   972 | D:1      | Reached skill level 4 in Short Blades
  1061 | D:1      | Reached XP level 3. HP: 26/26 MP: 5/5
  1063 | D:1      | Reached ** piety under Lugonu
  1489 | D:2      | Noticed Natasha
  1514 | D:2      | Noticed Sigmund
  1581 | D:2      | Killed Natasha
  1581 | D:2      | Reached skill level 5 in Short Blades
  1891 | D:2      | Found a basalt altar of Yredelemnul.
  2070 | D:2      | Found a glowing silver altar of Zin.
  2112 | D:2      | Reached XP level 4. HP: 21/31 MP: 6/6
  2938 | D:2      | Found a basalt altar of Yredelemnul.
  3253 | D:2      | Reached skill level 1 in Stealth
  3256 | D:2      | Found a glowing silver altar of Zin.
  3529 | D:2      | Killed Sigmund
  3529 | D:2      | Reached skill level 6 in Short Blades
  3529 | D:2      | Reached XP level 5. HP: 36/36 MP: 7/7
  3591 | D:3      | Noticed Grinder
  3606 | D:3      | Killed Grinder
  3606 | D:3      | Reached skill level 7 in Short Blades
  3606 | D:3      | Reached XP level 6. HP: 18/42 MP: 8/8
  4357 | D:3      | Noticed Jessica
  4370 | D:3      | Killed Jessica
  4370 | D:3      | Reached XP level 7. HP: 45/46 MP: 9/9
  4411 | D:3      | Reached *** piety under Lugonu
  4411 | D:3      | Reached skill level 5 in Stealth
  4517 | D:3      | Found an opulent altar of Gozag.
  4924 | D:4      | Found a glowing drain.
  4982 | Sewer    | Entered a sewer
  5096 | Sewer    | Noticed Purgy
  5120 | Sewer    | HP: 1/46 [Purgy (4)]
  5123 | Sewer    | Killed Purgy
  5618 | D:4      | Noticed Natasha
  5628 | D:4      | Reached skill level 8 in Short Blades
  5636 | D:4      | Killed Natasha
  5699 | D:4      | Noticed Natasha
  5708 | D:4      | Killed Natasha
  5810 | D:4      | Found a glowing golden altar of the Shining One.
  6501 | D:5      | Entered Level 5 of the Dungeon
  6635 | D:5      | Reached XP level 8. HP: 31/54 MP: 10/10
  6815 | D:5      | Found an iron altar of Okawaru.
  7171 | D:5      | Found an iron altar of Okawaru.
  7462 | D:5      | Reached **** piety under Lugonu
  7673 | D:5      | Reached skill level 9 in Short Blades
  8091 | D:4      | Reached skill level 5 in Fighting
  8404 | D:6      | Found Osofaora's Food Shop.
  8637 | D:6      | Noticed Edmund
  8663 | D:6      | Killed Edmund
  9144 | D:6      | Reached XP level 9. HP: 61/62 MP: 11/11
  9684 | D:6      | Reached skill level 10 in Short Blades
  9684 | D:6      | Reached skill level 5 in Armour
  9808 | D:6      | Noticed Duvessa
  9808 | D:6      | Noticed Dowan
  9819 | D:6      | Killed Dowan
  9842 | D:6      | Killed Duvessa
 10221 | D:7      | Found a shadowy altar of Dithmenos.
 10578 | D:7      | Noticed Joseph
 10639 | D:6      | HP: 3/63 [poisoned by a killer bee]
 10645 | D:6      | HP: 2/63 [poisoned by a killer bee]
 10655 | D:6      | Slain by a killer bee

Skill      XL: |  1  2  3  4  5  6  7  8  9 |
---------------+----------------------------+-----
Short Blades   | 3 4 5 6 7 8 9 10 | 10.3
Armour         | 1 3 4 5 |  5.0
Stealth        | 3 4 5 |  5.0
Fighting       | 4 6 |  6.7
Invocations    | 4 |  4.2
Dodging        | 3 |  3.2

Action                   |  1- 3 |  4- 6 |  7- 9 || total
-------------------------+-------+-------+-------++-------
Melee: Short sword       |   121 |    45 |   132 ||   298
       Dagger            |       |    62 |   439 ||   501
       Rapier            |       |       |    10 ||    10
Throw: Tomahawk          |     4 |       |     8 ||    12
       Stone             |       |    12 |    43 ||    55
Evoke: Wand              |       |       |     2 ||     2
  Use: Scroll            |     5 |     1 |     5 ||    11
       Potion            |     1 |     2 |     9 ||    12
 Stab: Sleeping          |       |     5 |     7 ||    12
  Eat: Chunk             |     4 |     7 |    19 ||    30
       Fruit             |       |       |     4 ||     4
       Bread ration      |       |       |     1 ||     1
Armor: Leather armour    |    25 |     8 |    12 ||    45
       Scale mail        |       |       |   106 ||   106
Dodge: Dodged            |    65 |    38 |   241 ||   344

Vault maps used:
D:1:      co_arrival_random_square_maze
D:2:      overflow_temple_1_default, yredelemnul_altar_generic,
          grunt_decor_fettered, hex_medium, uniq_sigmund, uniq_natasha
D:3:      nicolae_gozag_cash_rules_everything_around_me,
          roderic_bipointed_swastika, uniq_grinder, uniq_jessica
D:4:      tso_metal_star, gup_sewer_entry_pipe, first_bread, patterned_corridor
D:5:      basic_altar, okawaru_trees_2
D:6:      serial_shops, nicolae_shop_scaring_up_business, uniq_duvessa,
          uniq_edmund
D:7:      nicolae_whirlpool, minmay_temple_entry_grid, serial_shops,
          nicolae_shop_window_shopping, minivault_22, the_bakery,
          nicolae_dithmenos_shadow_blocks, uniq_prince_ribbit1, uniq_joseph
Sewer:    sewer_co_purgy_island
